A - U25
GREENSBORO GRASSHOPPERS @ COLUMBUS CATFISH
07/20/2053
 
TOP OF THE 1ST
West Virginia Power batting - Pitching for Charleston RiverDogs : LHP Jeremiah Neeley
Pitching: LHP Jeremiah Neeley
Batting: RHB Sebastian Whitfield 0-0: Ball
1-0: Ball
2-0: Foul Ball, location: 2F
2-1: Ball
3-1: Base on Balls
Batting: SHB Moïse Dupérey 0-0: Ball
1-0: Called Strike
1-1: Foul Ball, location: 2F
1-2: Ball
2-2: Ball
3-2: Foul Ball, location: 2F
3-2: SINGLE (Line Drive, 7LM, EV 107.5 MPH)
Sebastian Whitfield to second
Batting: LHB Hernán Faustino 0-0: Ball
1-0: Ball
2-0: Ball
3-0: Base on Balls
Sebastian Whitfield to third
Moïse Dupérey to second
Batting: RHB Myron Prestigiacomo 0-0: Called Strike
0-1: Foul Ball, location: 2F
0-2: Foul Ball, location: 2F
0-2: Ball
1-2: Foul Ball, location: 2F
1-2: Foul Ball, location: 2F
1-2: Ball
2-2: Ball
3-2: Base on Balls
Sebastian Whitfield scores
Moïse Dupérey to third
Hernán Faustino to second
Batting: RHB Hayden Rushdie 0-0: Ball
1-0: Ball
2-0: Ball
3-0: Called Strike
3-1: Swinging Strike
3-2: Strikes out swinging
Batting: RHB Hector Ontiveros 0-0: Ball
1-0: Called Strike
1-1: Foul Ball, location: 2F
1-2: Foul Ball, location: 2F
1-2: Hit by Pitch
Moïse Dupérey scores
Hernán Faustino to third
Myron Prestigiacomo to second
Batting: RHB Max Conklin 0-0: Called Strike
0-1: Fly out, F9 (Line Drive, 9, EV 94.4 MPH)
Runner from 3rd tags up, SCORES, throw by RF
Myron Prestigiacomo to third
Batting: RHB Uwe Kelm 0-0: Ball
1-0: Ball
2-0: Called Strike
2-1: Foul Ball, location: 2F
2-2: Ground out 4-3 (Groundball, 4, EV 86.9 MPH)
Top of the 1st over - 3 runs, 1 hit, 0 errors, 2 left on base; West Virginia 3 - Charleston 0
BOTTOM OF THE 1ST
Charleston RiverDogs batting - Pitching for West Virginia Power : RHP Cápulet Sandoval
Pitching: RHP Cápulet Sandoval
Batting: SHB Derek Mondy 0-0: Ground out 1-3 (Groundball, 25, EV 66.2 MPH)
Batting: RHB Pablo García 0-0: Ball
1-0: Foul Ball, location: 2F
1-1: Swinging Strike
1-2: Ball
2-2: Strikes out swinging
Batting: LHB Birt Capraro 0-0: Ball
1-0: SINGLE (Groundball, 4M, EV 83.1 MPH) (infield hit)
Batting: SHB Dominic Kieffer 0-0: Foul Ball, location: 2F
0-1: Ball
1-1: Ball
Birt Capraro steals 2nd base
2-1: Swinging Strike
2-2: Ball
3-2: Strikes out looking
Bottom of the 1st over - 0 runs, 1 hit, 0 errors, 1 left on base; West Virginia 3 - Charleston 0
TOP OF THE 2ND
West Virginia Power batting - Pitching for Charleston RiverDogs : LHP Jeremiah Neeley
Batting: RHB Yezi Montero 0-0: Ball
1-0: Foul Ball, location: 2F
1-1: Swinging Strike
1-2: Strikes out swinging
Batting: RHB Sebastian Whitfield 0-0: Foul Ball, location: 2F
0-1: Foul Ball, location: 2F
0-2: Ball
1-2: Strikes out swinging
Batting: SHB Moïse Dupérey 0-0: Swinging Strike
0-1: Foul Ball, location: 2F
0-2: Foul Ball, location: 2F
0-2: Ball
1-2: Foul Ball, location: 2F
1-2: Hit by Pitch
Batting: LHB Hernán Faustino 0-0: Foul Ball, location: 2F
0-1: Ball
1-1: Called Strike
1-2: Foul Ball, location: 2F
1-2: Foul Ball, location: 2F
1-2: Ball
2-2: Ball
3-2: Foul Ball, location: 2F
3-2: Foul Ball, location: 2F
3-2: Foul Ball, location: 2F
3-2: Base on Balls
Moïse Dupérey to second
Batting: RHB Myron Prestigiacomo 0-0: Ball
1-0: Foul Ball, location: 2F
1-1: Ball
2-1: Foul Ball, location: 2F
2-2: Ball
3-2: Strikes out swinging
Top of the 2nd over - 0 runs, 0 hits, 0 errors, 2 left on base; West Virginia 3 - Charleston 0
BOTTOM OF THE 2ND
Charleston RiverDogs batting - Pitching for West Virginia Power : RHP Cápulet Sandoval
Batting: RHB Adam Scrivner 0-0: Ball
1-0: Foul Ball, location: 2F
1-1: Foul Ball, location: 2F
1-2: Ball
2-2: Foul Ball, location: 2F
2-2: Foul Ball, location: 2F
2-2: Foul Ball, location: 2F
2-2: Foul Ball, location: 2F
2-2: Ball
3-2: Strikes out swinging
Batting: RHB Irasmus Logan 0-0: Called Strike
0-1: Foul Ball, location: 2F
0-2: Foul Ball, location: 2F
0-2: Strikes out looking
Batting: RHB Oscar Sanches 0-0: Ball
1-0: Foul Ball, location: 2F
1-1: SINGLE (Line Drive, 34D, EV 103.8 MPH)
Batting: RHB Oliver Densberger 0-0: Foul Ball, location: 2F
0-1: Called Strike
0-2: Ball
1-2: Strikes out swinging, 2-3 out at first.
Bottom of the 2nd over - 0 runs, 1 hit, 0 errors, 1 left on base; West Virginia 3 - Charleston 0
TOP OF THE 3RD
West Virginia Power batting - Pitching for Charleston RiverDogs : LHP Jeremiah Neeley
Batting: RHB Hayden Rushdie 0-0: Foul Ball, location: 2F
0-1: Foul Ball, location: 2F
0-2: Ball
1-2: Foul Ball, location: 2F
1-2: Ball
2-2: Strikes out swinging
Batting: RHB Hector Ontiveros 0-0: Ball
1-0: Foul Ball, location: 2F
1-1: SINGLE (Groundball, 6D, EV 96.9 MPH)
Batting: RHB Max Conklin 0-0: Foul Ball, location: 2F
0-1: Called Strike
0-2: Ball
Wild Pitch!
Hector Ontiveros to second
1-2: Strikes out swinging
Batting: RHB Uwe Kelm 0-0: Ball
1-0: Ball
2-0: Ball
3-0: Called Strike
3-1: Base on Balls
Pitching: RHP Phil Cummings
Batting: RHB Yezi Montero 0-0: Ball
1-0: Called Strike
1-1: Ball
2-1: Foul Ball, location: 2F
2-2: Strikes out looking
Top of the 3rd over - 0 runs, 1 hit, 0 errors, 2 left on base; West Virginia 3 - Charleston 0
BOTTOM OF THE 3RD
Charleston RiverDogs batting - Pitching for West Virginia Power : RHP Cápulet Sandoval
Batting: SHB Alex Weiand 0-0: Foul Ball, location: 2F
0-1: Ground out 5-3 (Groundball, 56S, EV 82.5 MPH)
Batting: SHB Derek Mondy 0-0: Ball
1-0: Fly out, F8 (Flyball, 8RD, EV 96.2 MPH)
Batting: RHB Pablo García 0-0: Ball
1-0: Foul Ball, location: 2F
1-1: Called Strike
1-2: Ball
2-2: Fly out, F9 (Flyball, 89S, EV 95.0 MPH)
Bottom of the 3rd over - 0 runs, 0 hits, 0 errors, 0 left on base; West Virginia 3 - Charleston 0
TOP OF THE 4TH
West Virginia Power batting - Pitching for Charleston RiverDogs : RHP Phil Cummings
Batting: RHB Sebastian Whitfield 0-0: Called Strike
0-1: Ball
1-1: Called Strike
1-2: Strikes out swinging
Batting: SHB Moïse Dupérey 0-0: Foul Ball, location: 2F
0-1: Fly out, F8 (Flyball, 89S, EV 83.1 MPH)
Batting: LHB Hernán Faustino 0-0: Ball
1-0: Called Strike
1-1: Foul Ball, location: 2F
1-2: Ball
2-2: Ball
3-2: Strikes out swinging
Top of the 4th over - 0 runs, 0 hits, 0 errors, 0 left on base; West Virginia 3 - Charleston 0
BOTTOM OF THE 4TH
Charleston RiverDogs batting - Pitching for West Virginia Power : RHP Cápulet Sandoval
Batting: LHB Birt Capraro 0-0: Called Strike
0-1: Ball
1-1: Foul Ball, location: 2F
1-2: Ground out U3 (Groundball, 3L, EV 85.6 MPH)
Batting: SHB Dominic Kieffer 0-0: Called Strike
0-1: Ball
1-1: Ball
2-1: Foul Ball, location: 2F
2-2: Ball
3-2: SINGLE (Line Drive, 8LS, EV 106.9 MPH)
Batting: RHB Adam Scrivner Balk!
Dominic Kieffer to second
0-0: Ball
1-0: Foul Ball, location: 2F
1-1: Ball
2-1: Foul Ball, location: 2F
2-2: Strikes out looking
Batting: RHB Irasmus Logan 0-0: Ball
1-0: Called Strike
1-1: Ball
2-1: Called Strike
2-2: Strikes out swinging
Bottom of the 4th over - 0 runs, 1 hit, 0 errors, 1 left on base; West Virginia 3 - Charleston 0
TOP OF THE 5TH
West Virginia Power batting - Pitching for Charleston RiverDogs : RHP Phil Cummings
Batting: RHB Myron Prestigiacomo 0-0: Ball
1-0: Fly out, F7 (Flyball, 7S, EV 97.5 MPH)
Batting: RHB Hayden Rushdie 0-0: Called Strike
0-1: SINGLE (Line Drive, 56D, EV 95.6 MPH)
Batting: RHB Hector Ontiveros 0-0: Fly out, F8 (Flyball, 8LD, EV 99.4 MPH)
Batting: RHB Max Conklin 0-0: Fly out, F8 (Flyball, 8RM, EV 88.8 MPH)
Top of the 5th over - 0 runs, 1 hit, 0 errors, 1 left on base; West Virginia 3 - Charleston 0
BOTTOM OF THE 5TH
Charleston RiverDogs batting - Pitching for West Virginia Power : RHP Cápulet Sandoval
Batting: RHB Oscar Sanches 0-0: Called Strike
0-1: Ball
1-1: Ground out 5-3 (Groundball, 5S, EV 60.6 MPH)
Batting: RHB Oliver Densberger 0-0: Called Strike
0-1: Ball
1-1: SOLO HOME RUN (Flyball, 7LD, EV 96.9 MPH), Distance : 363 ft
Batting: SHB Alex Weiand 0-0: Swinging Strike
0-1: Ball
1-1: Swinging Strike
1-2: Strikes out swinging
Batting: SHB Derek Mondy 0-0: Called Strike
0-1: Ball
1-1: Swinging Strike
1-2: Foul Ball, location: 2F
1-2: Ball
2-2: Ball
3-2: Strikes out looking
Bottom of the 5th over - 1 run, 1 hit, 0 errors, 0 left on base; West Virginia 3 - Charleston 1
TOP OF THE 6TH
West Virginia Power batting - Pitching for Charleston RiverDogs : RHP Phil Cummings
Batting: RHB Uwe Kelm 0-0: Called Strike
0-1: Foul Ball, location: 2F
0-2: Strikes out looking
Batting: RHB Yezi Montero 0-0: Ball
1-0: Ball
2-0: Swinging Strike
2-1: Swinging Strike
2-2: Ball
3-2: Strikes out swinging
Batting: RHB Sebastian Whitfield 0-0: Called Strike
0-1: Ball
1-1: Swinging Strike
1-2: Strikes out swinging
Top of the 6th over - 0 runs, 0 hits, 0 errors, 0 left on base; West Virginia 3 - Charleston 1
BOTTOM OF THE 6TH
Charleston RiverDogs batting - Pitching for West Virginia Power : RHP Cápulet Sandoval
Batting: RHB Pablo García 0-0: Called Strike
0-1: Foul Ball, location: 2F
0-2: Ground out 5-3 (Groundball, 56, EV 100.0 MPH)
Batting: LHB Birt Capraro 0-0: Ground out 4-3 (Groundball, 4, EV 110.6 MPH)
Batting: SHB Dominic Kieffer 0-0: Called Strike
0-1: Ball
1-1: Fly out, F7 (Flyball, 7D, EV 103.1 MPH)
Bottom of the 6th over - 0 runs, 0 hits, 0 errors, 0 left on base; West Virginia 3 - Charleston 1
TOP OF THE 7TH
West Virginia Power batting - Pitching for Charleston RiverDogs : RHP Phil Cummings
Batting: SHB Moïse Dupérey 0-0: Called Strike
0-1: Ball
1-1: Ball
2-1: Foul Ball, location: 2F
2-2: Ball
3-2: Foul Ball, location: 2F
3-2: Foul Ball, location: 2F
3-2: Ground out U3 (Groundball, 34, EV 91.9 MPH)
Batting: LHB Hernán Faustino 0-0: Called Strike
0-1: Foul Ball, location: 2F
0-2: Ball
1-2: Ball
2-2: Ball
3-2: Foul Ball, location: 2F
3-2: DOUBLE (Line Drive, 7LS, EV 95.0 MPH)
Pitching: LHP Nate Smith
Batting: RHB Myron Prestigiacomo 0-0: Called Strike
0-1: Ball
1-1: Ball
2-1: Foul Ball, location: 2F
2-2: Foul Ball, location: 2F
2-2: Foul Ball, location: 2F
2-2: Foul Ball, location: 2F
2-2: Ball
3-2: Base on Balls
Batting: RHB Hayden Rushdie 0-0: SINGLE (Groundball, 56D, EV 103.8 MPH)
Hernán Faustino to third
Myron Prestigiacomo to second
Runner from 3rd tries for Home, SAFE, throw by LF to home
Batting: RHB Hector Ontiveros 0-0: Ball
1-0: Called Strike
Myron Prestigiacomo steals 3rd base (no throw)
1-1: Ball
2-1: Foul Ball, location: 2F
2-2: Ball
3-2: Foul Ball, location: 2F
3-2: Grounds into double play, 6-4-3 (Groundball, 6, EV 98.8 MPH)
Top of the 7th over - 1 run, 2 hits, 0 errors, 1 left on base; West Virginia 4 - Charleston 1
BOTTOM OF THE 7TH
Charleston RiverDogs batting - Pitching for West Virginia Power : RHP Cápulet Sandoval
Batting: RHB Adam Scrivner 0-0: Ball
1-0: Foul Ball, location: 2F
1-1: Foul Ball, location: 2F
1-2: Ball
2-2: Strikes out swinging
Pitching: RHP Ozzy Cordero
Batting: RHB Irasmus Logan 0-0: Called Strike
0-1: Called Strike
0-2: Ball
1-2: Strikes out swinging
Batting: RHB Oscar Sanches 0-0: Ball
1-0: DOUBLE (Groundball, 3L, EV 106.2 MPH)
Batting: RHB Oliver Densberger 0-0: Called Strike
0-1: Called Strike
0-2: Ball
1-2: Foul Ball, location: 2F
1-2: Foul Ball, location: 2F
1-2: Ground out 6-3 (Groundball, 6, EV 108.8 MPH)
Bottom of the 7th over - 0 runs, 1 hit, 0 errors, 1 left on base; West Virginia 4 - Charleston 1
TOP OF THE 8TH
West Virginia Power batting - Pitching for Charleston RiverDogs : LHP Nate Smith
Batting: RHB Max Conklin 0-0: Ball
1-0: Called Strike
1-1: Called Strike
1-2: Ground out 5-3 (Groundball, 56S, EV 83.1 MPH)
Batting: RHB Uwe Kelm 0-0: Called Strike
0-1: Ball
1-1: Fly out, F9 (Flyball, 9, EV 86.2 MPH)
Batting: RHB Yezi Montero 0-0: Ball
1-0: Foul Ball, location: 2F
1-1: Ball
2-1: Fly out, F3 (Popup, 3S, EV 78.8 MPH)
Top of the 8th over - 0 runs, 0 hits, 0 errors, 0 left on base; West Virginia 4 - Charleston 1
BOTTOM OF THE 8TH
Charleston RiverDogs batting - Pitching for West Virginia Power : RHP Ozzy Cordero
Batting: SHB Alex Weiand 0-0: Called Strike
0-1: Foul Ball, location: 2F
0-2: Foul Ball, location: 2F
0-2: Strikes out swinging
Batting: SHB Derek Mondy 0-0: Ball
1-0: Called Strike
1-1: Foul Ball, location: 2F
1-2: Foul Ball, location: 2F
1-2: Ball
2-2: SINGLE (Groundball, 3D, EV 109.4 MPH)
Batting: RHB Pablo García 0-0: Ball
1-0: Foul Ball, location: 2F
1-1: Ball
2-1: Swinging Strike
2-2: Strikes out swinging
Batting: LHB Birt Capraro 0-0: Foul Ball, location: 2F
0-1: Fly out, F7 (Flyball, 7, EV 85.6 MPH)
Bottom of the 8th over - 0 runs, 1 hit, 0 errors, 1 left on base; West Virginia 4 - Charleston 1
TOP OF THE 9TH
West Virginia Power batting - Pitching for Charleston RiverDogs : LHP Nate Smith
Pitching: LHP Axel Petit
Batting: RHB Sebastian Whitfield 0-0: Ground out 6-3 (Groundball, 6, EV 108.1 MPH)
Batting: SHB Moïse Dupérey 0-0: Ground out 1-3 (Groundball, 15S, EV 61.2 MPH)
Batting: LHB Hernán Faustino 0-0: Called Strike
0-1: Ball
1-1: Called Strike
1-2: Ball
2-2: Strikes out swinging
Top of the 9th over - 0 runs, 0 hits, 0 errors, 0 left on base; West Virginia 4 - Charleston 1
BOTTOM OF THE 9TH
Charleston RiverDogs batting - Pitching for West Virginia Power : RHP Ozzy Cordero
Pitching: LHP Chase Blain
Batting: SHB Dominic Kieffer 0-0: Foul Ball, location: 2F
0-1: Ball
1-1: Foul Ball, location: 2F
1-2: Ball
2-2: Ball
3-2: Strikes out swinging
Batting: RHB Adam Scrivner 0-0: Swinging Strike
0-1: Swinging Strike
0-2: SINGLE (Groundball, 6MD, EV 95.0 MPH)
Batting: RHB Irasmus Logan 0-0: Ball
1-0: Grounds into double play, 6-4-3 (Groundball, 6, EV 94.4 MPH)
Bottom of the 9th over - 0 runs, 1 hit, 0 errors, 0 left on base; West Virginia 4 - Charleston 1
Sunday, June 2nd , 2024 - OOTP Baseball 25.5 Build 67